CHICAGO vs LOS ANGELES

Created - March-03-21 at 20:30

Goals
1 2 3 T
CHICAGO 1 0 3 4
LOS ANGELES 1 1 0 2
Shots
1 2 3 T
CHICAGO 5 6 10 21
LOS ANGELES 10 16 9 35

1st period

1. CHICAGO , Milan Lucic 5 (Erik Haula 9, Frans Nielsen 11) at 7:06
2. LOS ANGELES , Nick Bonino 13 (Jonathan Toews 22) at 17:49

Penalties :
Tyler Bozak (CHI) for Holding (Minor) at 19:09

2nd period

3. LOS ANGELES , Mika Zibanejad 17 (Matthew Tkachuk 17) at 10:31

Penalties :
Nick Leddy (CHI) for High sticking (Minor) at 10:36, Mike Hoffman (LOS) for Roughing (Minor) at 18:10, Nick Leddy (CHI) for Interference (Minor) at 18:10

3rd period

4. CHICAGO , Brandon Sutter 7 (Haydn Fleury 11, Travis Dermott 9) at 2:13
5. CHICAGO , Erik Haula 8 (Nick Leddy 11, Frans Nielsen 12) at 2:37
6. CHICAGO , Cody Eakin 8 (Gustav Nyquist 8, Tyler Bozak 10) at 17:48

Penalties :
Travis Dermott (CHI) for Roughing (Minor) at 5:46

Goalie Stats

James Reimer (CHI), 33 saves from 35 shots - (0.943), W, 11-17-3, 60:00 minutes
Antti Raanta (LOS), 17 saves from 21 shots - (0.810), L, 17-12-2, 60:00 minutes

Players Stats for CHICAGO

Player Name              G  A  P  +/- PIM S  H  SB GA TA FO     MP     PP MP  PK MP  
------------------------------------------------------------------------------------
Brandon Sutter           1  0  1   1  0   3  1  0  0  0  9/13   12:19   0:00   0:11 
Brendan Perlini          0  0  0  -1  0   1  0  0  0  0  0/2     8:53   0:00   0:34 
Brett Murray             0  0  0  -1  0   0  0  1  0  0  0/0     8:19   0:00   0:00 
Cody Eakin               1  0  1   1  0   1  0  0  0  0  1/1    16:52   0:00   0:00 
Connor Bunnaman          0  0  0  -1  0   1  2  0  0  0  6/10    8:19   0:00   0:00 
Erik Haula               1  1  2   1  0   2  0  0  0  0  0/0    14:45   0:00   0:00 
Frans Nielsen            0  2  2   1  0   2  0  1  0  0  8/22   16:56   0:00   1:18 
Gustav Nyquist           0  1  1   1  0   3  1  0  0  0  6/13   22:26   0:00   4:28 
Haydn Fleury             0  1  1   0  0   0  0  1  0  0  0/0    18:30   0:00   1:22 
Mark Pysyk               0  0  0   0  0   0  1  0  0  0  0/0    17:37   0:00   2:16 
Michael Del Zotto        0  0  0   0  0   0  3  0  0  0  0/0    17:51   0:00   2:30 
Mikkel Boedker           0  0  0   1  0   0  0  0  0  0  1/2    13:29   0:00   1:21 
Milan Lucic              1  0  1   1  0   3  2  0  0  0  1/1    16:56   0:00   1:18 
Nick Leddy               0  1  1   2  4   0  2  1  0  0  0/0    22:34   0:00   2:05 
Sven Baertschi           0  0  0   1  0   0  2  0  0  0  0/0    12:08   0:00   0:00 
Travis Dermott           0  1  1   0  2   1  1  1  0  0  0/0    18:23   0:00   0:13 
Tyler Bozak              0  1  1   1  2   4  0  0  0  0  11/20  20:41   0:00   2:44 
Tyson Barrie             0  0  0   2  0   0  0  2  0  0  0/0    25:02   0:00   3:28 

Players Stats for LOS ANGELES

Player Name              G  A  P  +/- PIM S  H  SB GA TA FO     MP     PP MP  PK MP  
------------------------------------------------------------------------------------
Alex Goligoski           0  0  0   1  0   1  1  1  0  0  0/0    20:50   2:12   0:00 
Artem Anisimov           0  0  0  -1  0   3  0  0  0  0  0/0    13:56   0:00   0:00 
Gabriel Bourque          0  0  0  -1  0   0  0  0  0  0  0/2     6:13   0:00   0:00 
Johnny Boychuk           0  0  0  -2  0   0  1  1  0  0  0/0    14:55   0:00   0:00 
Jonathan Toews           0  1  1   1  0   4  6  0  0  0  16/29  18:12   1:49   0:00 
Josh Manson              0  0  0  -2  0   0  2  1  0  0  0/0    14:55   0:00   0:00 
Kris Letang              0  0  0  -1  0   2  0  2  0  0  0/0    24:15   3:45   0:00 
Matthew Tkachuk          0  1  1  -1  0   2  2  0  0  0  0/2    21:39   4:08   0:00 
Mika Zibanejad           1  0  1  -1  0   7  1  0  0  0  11/25  22:14   4:08   0:00 
Mike Hoffman             0  0  0   1  2   5  0  0  0  0  0/0    16:54   1:49   0:00 
Nick Bonino              1  0  1   1  0   4  0  0  0  0  3/3    16:55   1:49   0:00 
Nick Cousins             0  0  0  -1  0   1  0  0  0  0  3/7     6:13   0:00   0:00 
Riley Nash               0  0  0  -1  0   0  0  0  0  0  0/0     6:13   0:00   0:00 
Ryan McDonagh            0  0  0  -1  0   1  0  1  0  0  0/0    24:15   3:45   0:00 
Travis Zajac             0  0  0  -1  0   1  0  0  0  0  7/15   13:56   0:00   0:00 
Tyler Seguin             0  0  0  -1  0   1  0  1  0  0  0/0    21:39   4:08   0:00 
Vladislav Namestnikov    0  0  0  -1  0   0  0  0  0  0  1/1    13:56   0:00   0:00 
Zdeno Chara              0  0  0   1  0   3  1  0  0  0  0/0    20:50   2:12   0:00 

3 Stars

1 - Erik Haula (CHI)
2 - Milan Lucic (CHI)
3 - Brandon Sutter (CHI)

Power Play

CHICAGO - 0 on 0 Attempt(s) - 0.00%
LOS ANGELES - 0 on 3 Attempt(s) - 0.00%

Penalty Kill

CHICAGO - 3 on 3 Attempt(s) - 100.00% - Score 0 goal in Penalty Kill
LOS ANGELES - 0 on 0 Attempt(s) - 0.00% - Score 0 goal in Penalty Kill

Team Stat

CHICAGO - Hits : 15 - Faceoff Wins : 43 - Blocked Shots : 7 - Penalty Minutes : 8
LOS ANGELES - Hits : 14 - Faceoff Wins : 41 - Blocked Shots : 7 - Penalty Minutes : 2

Official

Referees : Frederick L'Ecuyer and Tom Chmielewski
Linesman : Matt Brady and Tony Sericolo

Game Notes

No Game Note

Finance

Level 1 -- Attendance: 4618 (76.97%) -- Ticket Income $461,800
Level 2 -- Attendance: 3560 (71.20%) -- Ticket Income $213,600
Level 3 -- Attendance: 1867 (93.35%) -- Ticket Income $65,345
Level 4 -- Attendance: 3807 (95.18%) -- Ticket Income $76,140
Luxury Box -- Attendance: 793 (79.30%) -- Ticket Income $158,600
Game was played at the Staples Center.
Total Attendance: 14645 (81.36%)
Total Ticket Income: $975,485
Total Income: $975,485

CHICAGO

5 vs 5 Forward 
   Center                   Left Wing                Right Wing               Time % Phy DF OF 
 1 Tyler Bozak              Cody Eakin               Gustav Nyquist           35     1   2  2  
 2 Frans Nielsen            Erik Haula               Milan Lucic              30     1   2  2  
 3 Brandon Sutter           Mikkel Boedker           Sven Baertschi           25     1   2  2  
 4 Connor Bunnaman          Brett Murray             Brendan Perlini          10     1   2  2  

5 vs 5 Defense 
   Defense                  Defense                                           Time % Phy DF OF 
 1 Tyson Barrie             Nick Leddy                                        35     1   2  2  
 2 Travis Dermott           Haydn Fleury                                      30     1   2  2  
 3 Michael Del Zotto        Mark Pysyk                                        25     1   2  2  
 4 Tyson Barrie             Nick Leddy                                        10     1   2  2  

PowerPlay Forward 
   Center                   Left Wing                Right Wing               Time % Phy DF OF 
 1 Tyler Bozak              Cody Eakin               Gustav Nyquist           60     1   2  2  
 2 Frans Nielsen            Erik Haula               Milan Lucic              40     1   2  2  

PowerPlay Defense
   Defense                  Defense                                           Time % Phy DF OF 
 1 Tyson Barrie             Nick Leddy                                        60     1   2  2  
 2 Travis Dermott           Haydn Fleury                                      40     1   2  2  

Penalty Kill 4 Players Forward 
   Center                   Wing                     Time % Phy DF OF 
 1 Gustav Nyquist           Tyler Bozak              60     1   2  2  
 2 Frans Nielsen            Milan Lucic              40     1   2  2  

Penalty Kill 4 Players Defense
   Defense                  Defense                  Time % Phy DF OF 
 1 Tyson Barrie             Nick Leddy               60     1   2  2  
 2 Michael Del Zotto        Mark Pysyk               40     1   2  2  

Penalty Kill - 3 Players Forward 
   Forward                                           Time % Phy DF OF 
 1 Gustav Nyquist                                    60     1   2  2  
 2 Tyler Bozak                                       40     1   2  2  

Penalty Kill - 3 Players Defense
   Defense                  Defense                  Time % Phy DF OF 
 1 Tyson Barrie             Nick Leddy               60     1   2  2  
 2 Michael Del Zotto        Mark Pysyk               40     1   2  2  

4 vs 4 Forward 
   Center                   Wing                     Time % Phy DF OF 
 1 Gustav Nyquist           Tyler Bozak              60     1   2  2  
 2 Frans Nielsen            Milan Lucic              40     1   2  2  

4 vs 4 Defense
   Defense                  Defense                  Time % Phy DF OF 
 1 Tyson Barrie             Nick Leddy               60     1   2  2  
 2 Michael Del Zotto        Mark Pysyk               40     1   2  2  

Last Minutes Offensive
   Center                   Left Wing                Right Wing               Defense                  Defense                  
   Tyler Bozak              Cody Eakin               Gustav Nyquist           Tyson Barrie             Nick Leddy               

Last Minutes Defensive
   Center                   Left Wing                Right Wing               Defense                  Defense                  
   Tyler Bozak              Cody Eakin               Gustav Nyquist           Tyson Barrie             Nick Leddy               

Goaltenders
Starting : James Reimer             
Backup : Cory Schneider           

Extra Forwards
Normal : Brett Murray, Brandon Sutter, Mikkel Boedker - PP : Brett Murray, Brandon Sutter - PK : Mikkel Boedker
Extra Defensemen
Normal : Travis Dermott, Haydn Fleury, Michael Del Zotto - PP : Travis Dermott - PK : Haydn Fleury, Michael Del Zotto
Penalty Shots
Gustav Nyquist, Tyler Bozak, Frans Nielsen, Milan Lucic, Cody Eakin

Scratches
Mason Appleton (Healthy), CHI Cap Hit (Suspend), Tyler Lewington (Healthy), Nikita Nesterov (Healthy), Mike Smith (Healthy)

LOS ANGELES

5 vs 5 Forward 
   Center                   Left Wing                Right Wing               Time % Phy DF OF 
 1 Mika Zibanejad           Matthew Tkachuk          Tyler Seguin             40     1   2  2  
 2 Jonathan Toews           Nick Bonino              Mike Hoffman             35     1   2  2  
 3 Travis Zajac             Vladislav Namestnikov    Artem Anisimov           20     1   2  2  
 4 Nick Cousins             Gabriel Bourque          Riley Nash               5      1   2  2  

5 vs 5 Defense 
   Defense                  Defense                                           Time % Phy DF OF 
 1 Kris Letang              Ryan McDonagh                                     35     1   2  2  
 2 Zdeno Chara              Alex Goligoski                                    30     1   2  2  
 3 Johnny Boychuk           Josh Manson                                       25     1   2  2  
 4 Kris Letang              Ryan McDonagh                                     10     1   2  2  

PowerPlay Forward 
   Center                   Left Wing                Right Wing               Time % Phy DF OF 
 1 Mika Zibanejad           Matthew Tkachuk          Tyler Seguin             60     1   2  2  
 2 Jonathan Toews           Nick Bonino              Mike Hoffman             40     1   2  2  

PowerPlay Defense
   Defense                  Defense                                           Time % Phy DF OF 
 1 Kris Letang              Ryan McDonagh                                     60     1   2  2  
 2 Zdeno Chara              Alex Goligoski                                    40     1   2  2  

Penalty Kill 4 Players Forward 
   Center                   Wing                     Time % Phy DF OF 
 1 Mika Zibanejad           Jonathan Toews           60     1   2  2  
 2 Matthew Tkachuk          Tyler Seguin             40     1   2  2  

Penalty Kill 4 Players Defense
   Defense                  Defense                  Time % Phy DF OF 
 1 Kris Letang              Ryan McDonagh            60     1   2  2  
 2 Zdeno Chara              Alex Goligoski           40     1   2  2  

Penalty Kill - 3 Players Forward 
   Forward                                           Time % Phy DF OF 
 1 Mika Zibanejad                                    60     1   2  2  
 2 Jonathan Toews                                    40     1   2  2  

Penalty Kill - 3 Players Defense
   Defense                  Defense                  Time % Phy DF OF 
 1 Kris Letang              Ryan McDonagh            60     1   2  2  
 2 Zdeno Chara              Alex Goligoski           40     1   2  2  

4 vs 4 Forward 
   Center                   Wing                     Time % Phy DF OF 
 1 Mika Zibanejad           Jonathan Toews           60     1   2  2  
 2 Matthew Tkachuk          Tyler Seguin             40     1   2  2  

4 vs 4 Defense
   Defense                  Defense                  Time % Phy DF OF 
 1 Kris Letang              Ryan McDonagh            60     1   2  2  
 2 Zdeno Chara              Alex Goligoski           40     1   2  2  

Last Minutes Offensive
   Center                   Left Wing                Right Wing               Defense                  Defense                  
   Mika Zibanejad           Matthew Tkachuk          Tyler Seguin             Kris Letang              Ryan McDonagh            

Last Minutes Defensive
   Center                   Left Wing                Right Wing               Defense                  Defense                  
   Mika Zibanejad           Matthew Tkachuk          Tyler Seguin             Kris Letang              Ryan McDonagh            

Goaltenders
Starting : Antti Raanta             
Backup : Jaroslav Halak           

Extra Forwards
Normal : Tyler Seguin, Travis Zajac, Vladislav Namestnikov - PP : Tyler Seguin, Travis Zajac - PK : Vladislav Namestnikov
Extra Defensemen
Normal : Johnny Boychuk, Josh Manson, Zdeno Chara - PP : Johnny Boychuk - PK : Josh Manson, Zdeno Chara
Penalty Shots
Mika Zibanejad, Jonathan Toews, Tyler Seguin, Matthew Tkachuk, Mike Hoffman

Scratches
None


% Time on Ice - CHICAGO

Lines # - Real PCT - Wanted PCT - Time Play
Normal Forward
1 - 32% - 35% - 16:52
2 - 28% - 30% - 14:45
3 - 23% - 25% - 12:08
4 - 16% - 10% - 8:19
Normal Defense
1 - 33% - 35% - 17:23
2 - 33% - 30% - 17:08
3 - 28% - 25% - 14:25
4 - 6% - 10% - 3:08
PP Forward
1 - 0% - 60%
2 - 0% - 40%
PP Defense
1 - 0% - 60%
2 - 0% - 40%
PK Forward
1 - 78% - 60% - 4:39
2 - 22% - 40% - 1:18
PK Defense
1 - 62% - 60% - 3:41
2 - 38% - 40% - 2:16
PK3 Forward
1 - 0% - 60%
2 - 0% - 40%
PK3 Defense
1 - 0% - 60%
2 - 0% - 40%
44 Forward
1 - 55% - 60% - 1:06
2 - 45% - 40% - 0:53
44 Defense
1 - 53% - 60% - 1:03
2 - 47% - 40% - 0:56
Last Minute Offensive  - 0:00
Last Minute Defensive  - 0:00
Total
Forward - 60:00
Defense - 60:00

% Time on Ice - LOS ANGELES

Lines # - Real PCT - Wanted PCT - Time Play
Normal Forward
1 - 32% - 40% - 16:49
2 - 29% - 35% - 15:06
3 - 27% - 20% - 13:56
4 - 12% - 5% - 6:13
Normal Defense
1 - 32% - 35% - 16:29
2 - 34% - 30% - 17:31
3 - 29% - 25% - 14:55
4 - 6% - 10% - 3:09
PP Forward
1 - 69% - 60% - 4:08
2 - 31% - 40% - 1:49
PP Defense
1 - 63% - 60% - 3:45
2 - 37% - 40% - 2:12
PK Forward
1 - 0% - 60%
2 - 0% - 40%
PK Defense
1 - 0% - 60%
2 - 0% - 40%
PK3 Forward
1 - 0% - 60%
2 - 0% - 40%
PK3 Defense
1 - 0% - 60%
2 - 0% - 40%
44 Forward
1 - 65% - 60% - 1:17
2 - 35% - 40% - 0:42
44 Defense
1 - 44% - 60% - 0:52
2 - 56% - 40% - 1:07
Last Minute Offensive  - 0:00
Last Minute Defensive  - 0:00
Total
Forward - 60:00
Defense - 60:00

Play-by-Play

1st period


0:01 of 1st period - Cody Eakin wins face-off versus Mika Zibanejad in neutral zone.
0:01 of 1st period - Gustav Nyquist is hit by Mika Zibanejad and loses puck.
0:07 of 1st period - Icing by Tyson Barrie.
0:08 of 1st period - Jonathan Toews wins face-off versus Tyler Bozak in CHICAGO zone.
0:13 of 1st period - Shot by Mike Hoffman.
0:13 of 1st period - Stopped by James Reimer without a rebound.
0:14 of 1st period - Vladislav Namestnikov wins face-off versus Frans Nielsen in CHICAGO zone.
0:52 of 1st period - Frans Nielsen is hit by Johnny Boychuk and loses puck.
1:07 of 1st period - Off-side.
1:08 of 1st period - Mika Zibanejad wins face-off versus Tyler Bozak in neutral zone.
1:10 of 1st period - Kris Letang is hit by Nick Leddy and loses puck.
1:15 of 1st period - Shot by Mika Zibanejad.
1:15 of 1st period - Shot Misses the Net.
1:17 of 1st period - Shot by Matthew Tkachuk.
1:17 of 1st period - Stopped by James Reimer without a rebound.
1:18 of 1st period - Brandon Sutter wins face-off versus Jonathan Toews in CHICAGO zone.
1:25 of 1st period - Zdeno Chara is hit by Sven Baertschi and loses puck.
1:35 of 1st period - Off-side.
1:36 of 1st period - Tyler Bozak wins face-off versus Mika Zibanejad in neutral zone.
2:11 of 1st period - Nick Leddy is hit by Matthew Tkachuk and loses puck.
3:13 of 1st period - Icing by Michael Del Zotto.
3:14 of 1st period - Connor Bunnaman wins face-off versus Nick Cousins in CHICAGO zone.
3:21 of 1st period - Riley Nash is hit by Mark Pysyk and loses puck.
5:02 of 1st period - Erik Haula is hit by Jonathan Toews and loses puck.
5:22 of 1st period - Icing by Zdeno Chara.
5:23 of 1st period - Tyler Bozak wins face-off versus Jonathan Toews in LOS ANGELES zone.
5:32 of 1st period - Shot by Mike Hoffman.
5:32 of 1st period - Shot Misses the Net.
5:34 of 1st period - Shot by Nick Bonino.
5:34 of 1st period - Stopped by James Reimer without a rebound.
5:35 of 1st period - Travis Zajac wins face-off versus Brendan Perlini in CHICAGO zone.
5:36 of 1st period - Shot by Artem Anisimov.
5:36 of 1st period - Shot Blocked by Travis Dermott.
5:52 of 1st period - Shot by Travis Zajac.
5:52 of 1st period - Shot Misses the Net.
6:43 of 1st period - Shot by Tyler Seguin.
6:43 of 1st period - Shot Misses the Net.
6:56 of 1st period - Icing by Ryan McDonagh.
6:57 of 1st period - Frans Nielsen wins face-off versus Mika Zibanejad in LOS ANGELES zone.
7:04 of 1st period - Shot by Erik Haula.
7:04 of 1st period - Shot Misses the Net.
7:06 of 1st period - Shot by Milan Lucic.
7:06 of 1st period - Goal by Milan Lucic - CHICAGO : 1 - LOS ANGELES : 0.
7:07 of 1st period - Brandon Sutter wins face-off versus Jonathan Toews in neutral zone.
7:19 of 1st period - Shot by Brandon Sutter.
7:19 of 1st period - Stopped by Antti Raanta without a rebound.
7:20 of 1st period - Tyler Bozak wins face-off versus Travis Zajac in LOS ANGELES zone.
8:09 of 1st period - Off-side.
8:10 of 1st period - Jonathan Toews wins face-off versus Frans Nielsen in neutral zone.
8:20 of 1st period - Icing by Mike Hoffman.
8:21 of 1st period - Jonathan Toews wins face-off versus Brandon Sutter in LOS ANGELES zone.
8:31 of 1st period - Off-side.
8:32 of 1st period - Mika Zibanejad wins face-off versus Frans Nielsen in neutral zone.
8:37 of 1st period - Shot by Mika Zibanejad.
8:37 of 1st period - Shot Misses the Net.
8:53 of 1st period - Shot by Erik Haula.
8:53 of 1st period - Shot Misses the Net.
10:09 of 1st period - Shot by Nick Bonino.
10:09 of 1st period - Shot Misses the Net.
10:11 of 1st period - Shot by Nick Bonino.
10:11 of 1st period - Stopped by James Reimer with a rebound.
10:15 of 1st period - Shot by Nick Bonino.
10:15 of 1st period - Deflect By Mike Hoffman.
10:15 of 1st period - Shot Misses the Net.
11:08 of 1st period - Icing by Nick Leddy.
11:09 of 1st period - Travis Zajac wins face-off versus Brandon Sutter in CHICAGO zone.
12:19 of 1st period - Shot by Tyler Bozak.
12:19 of 1st period - Stopped by Antti Raanta without a rebound.
12:20 of 1st period - Frans Nielsen wins face-off versus Jonathan Toews in LOS ANGELES zone.
12:57 of 1st period - Shot by Mike Hoffman.
12:57 of 1st period - Stopped by James Reimer without a rebound.
12:58 of 1st period - Gustav Nyquist wins face-off versus Mika Zibanejad in CHICAGO zone.
13:19 of 1st period - Shot by Gustav Nyquist.
13:19 of 1st period - Shot Misses the Net.
13:29 of 1st period - Shot by Mika Zibanejad.
13:29 of 1st period - Stopped by James Reimer without a rebound.
13:30 of 1st period - Travis Zajac wins face-off versus Connor Bunnaman in CHICAGO zone.
13:38 of 1st period - Icing by Michael Del Zotto.
13:39 of 1st period - Jonathan Toews wins face-off versus Connor Bunnaman in CHICAGO zone.
14:20 of 1st period - Shot by Jonathan Toews.
14:20 of 1st period - Shot Blocked by Brett Murray.
14:52 of 1st period - Icing by Matthew Tkachuk.
14:53 of 1st period - Mika Zibanejad wins face-off versus Tyler Bozak in LOS ANGELES zone.
15:16 of 1st period - Shot by Gustav Nyquist.
15:16 of 1st period - Shot Misses the Net.
15:42 of 1st period - Shot by Travis Zajac.
15:42 of 1st period - Stopped by James Reimer without a rebound.
15:43 of 1st period - Jonathan Toews wins face-off versus Frans Nielsen in CHICAGO zone.
16:14 of 1st period - Shot by Erik Haula.
16:14 of 1st period - Shot Misses the Net.
16:16 of 1st period - Shot by Frans Nielsen.
16:16 of 1st period - Shot Misses the Net.
16:18 of 1st period - Shot by Frans Nielsen.
16:18 of 1st period - Stopped by Antti Raanta without a rebound.
16:19 of 1st period - Brandon Sutter wins face-off versus Travis Zajac in LOS ANGELES zone.
16:38 of 1st period - Icing by Josh Manson.
16:39 of 1st period - Travis Zajac wins face-off versus Brendan Perlini in LOS ANGELES zone.
16:39 of 1st period - Travis Zajac is hit by Connor Bunnaman.
17:08 of 1st period - Shot by Travis Dermott.
17:08 of 1st period - Stopped by Antti Raanta without a rebound.
17:09 of 1st period - Tyler Bozak wins face-off versus Mika Zibanejad in LOS ANGELES zone.
17:41 of 1st period - Shot by Mika Zibanejad.
17:41 of 1st period - Deflect By Matthew Tkachuk.
17:41 of 1st period - Shot Misses the Net.
17:43 of 1st period - Shot by Kris Letang.
17:43 of 1st period - Stopped by James Reimer without a rebound.
17:44 of 1st period - Jonathan Toews wins face-off versus Frans Nielsen in CHICAGO zone.
17:45 of 1st period - Shot by Mike Hoffman.
17:45 of 1st period - Stopped by James Reimer without a rebound.
17:46 of 1st period - Jonathan Toews wins face-off versus Frans Nielsen in CHICAGO zone.
17:49 of 1st period - Shot by Nick Bonino.
17:49 of 1st period - Goal by Nick Bonino - CHICAGO : 1 - LOS ANGELES : 1.
17:50 of 1st period - Nick Bonino wins face-off versus Frans Nielsen in neutral zone.
19:09 of 1st period - Minor Penalty to Tyler Bozak for Holding.
19:10 of 1st period - Gustav Nyquist wins face-off versus Mika Zibanejad in CHICAGO zone.
Goals for this period are 1 for CHICAGO vs 1 for LOS ANGELES.
Shots for this period are 5 for CHICAGO vs 10 for LOS ANGELES.

2nd period


0:01 of 2nd period - Mika Zibanejad wins face-off versus Gustav Nyquist in neutral zone.
0:24 of 2nd period - Shot by Ryan McDonagh.
0:24 of 2nd period - Shot Misses the Net.
0:38 of 2nd period - Shot by Kris Letang.
0:38 of 2nd period - Shot Misses the Net.
1:02 of 2nd period - Off-side.
1:03 of 2nd period - Nick Bonino wins face-off versus Gustav Nyquist in neutral zone.
1:08 of 2nd period - Nick Leddy is hit by Jonathan Toews and loses puck.
1:41 of 2nd period - Shot by Milan Lucic.
1:41 of 2nd period - Stopped by Antti Raanta without a rebound.
1:42 of 2nd period - Jonathan Toews wins face-off versus Brandon Sutter in LOS ANGELES zone.
1:46 of 2nd period - Off-side.
1:47 of 2nd period - Brandon Sutter wins face-off versus Jonathan Toews in neutral zone.
1:50 of 2nd period - Nick Bonino is hit by Brandon Sutter and loses puck.
2:05 of 2nd period - Shot by Jonathan Toews.
2:05 of 2nd period - Shot Blocked by Tyson Barrie.
2:26 of 2nd period - Shot by Jonathan Toews.
2:26 of 2nd period - Stopped by James Reimer without a rebound.
2:27 of 2nd period - Mika Zibanejad wins face-off versus Tyler Bozak in CHICAGO zone.
2:36 of 2nd period - Shot by Gustav Nyquist.
2:36 of 2nd period - Shot Blocked by Ryan McDonagh.
2:48 of 2nd period - Shot by Gustav Nyquist.
2:48 of 2nd period - Stopped by Antti Raanta without a rebound.
2:49 of 2nd period - Frans Nielsen wins face-off versus Nick Cousins in LOS ANGELES zone.
2:58 of 2nd period - Shot by Milan Lucic.
2:58 of 2nd period - Shot Blocked by Josh Manson.
3:10 of 2nd period - Shot by Frans Nielsen.
3:10 of 2nd period - Shot Misses the Net.
3:18 of 2nd period - Shot by Frans Nielsen.
3:18 of 2nd period - Stopped by Antti Raanta without a rebound.
3:19 of 2nd period - Tyler Bozak wins face-off versus Matthew Tkachuk in LOS ANGELES zone.
3:58 of 2nd period - Nick Leddy is hit by Matthew Tkachuk and loses puck.
4:10 of 2nd period - Icing by Nick Leddy.
4:11 of 2nd period - Nick Bonino wins face-off versus Tyler Bozak in CHICAGO zone.
4:16 of 2nd period - Shot by Mike Hoffman.
4:16 of 2nd period - Deflect By Jonathan Toews.
4:16 of 2nd period - Stopped by James Reimer without a rebound.
4:17 of 2nd period - Jonathan Toews wins face-off versus Frans Nielsen in CHICAGO zone.
4:30 of 2nd period - Shot by Jonathan Toews.
4:30 of 2nd period - Shot Misses the Net.
4:32 of 2nd period - Shot by Nick Bonino.
4:32 of 2nd period - Stopped by James Reimer without a rebound.
4:33 of 2nd period - Travis Zajac wins face-off versus Brandon Sutter in CHICAGO zone.
4:33 of 2nd period - Travis Zajac is hit by Travis Dermott.
4:37 of 2nd period - Shot by Vladislav Namestnikov.
4:37 of 2nd period - Shot Misses the Net.
5:27 of 2nd period - Icing by Josh Manson.
5:28 of 2nd period - Travis Zajac wins face-off versus Tyler Bozak in LOS ANGELES zone.
6:04 of 2nd period - Off-side.
6:05 of 2nd period - Milan Lucic wins face-off versus Jonathan Toews in neutral zone.
6:18 of 2nd period - Icing by Alex Goligoski.
6:19 of 2nd period - Brandon Sutter wins face-off versus Jonathan Toews in LOS ANGELES zone.
6:20 of 2nd period - Shot by Sven Baertschi.
6:20 of 2nd period - Shot Blocked by Alex Goligoski.
8:51 of 2nd period - Shot by Artem Anisimov.
8:51 of 2nd period - Stopped by James Reimer without a rebound.
8:52 of 2nd period - Brandon Sutter wins face-off versus Gabriel Bourque in CHICAGO zone.
9:57 of 2nd period - Icing by Ryan McDonagh.
9:58 of 2nd period - Connor Bunnaman wins face-off versus Travis Zajac in LOS ANGELES zone.
10:10 of 2nd period - Icing by Ryan McDonagh.
10:11 of 2nd period - Travis Zajac wins face-off versus Frans Nielsen in LOS ANGELES zone.
10:11 of 2nd period - Travis Zajac is hit by Milan Lucic.
10:21 of 2nd period - Shot by Artem Anisimov.
10:21 of 2nd period - Stopped by James Reimer without a rebound.
10:22 of 2nd period - Mika Zibanejad wins face-off versus Connor Bunnaman in CHICAGO zone.
10:29 of 2nd period - Shot by Matthew Tkachuk.
10:29 of 2nd period - Stopped by James Reimer with a rebound.
10:31 of 2nd period - Shot by Mika Zibanejad.
10:31 of 2nd period - Goal by Mika Zibanejad - CHICAGO : 1 - LOS ANGELES : 2.
10:32 of 2nd period - Jonathan Toews wins face-off versus Frans Nielsen in neutral zone.
10:36 of 2nd period - Minor Penalty to Nick Leddy for High sticking.
10:37 of 2nd period - Gustav Nyquist wins face-off versus Mika Zibanejad in CHICAGO zone.
10:43 of 2nd period - Icing by Alex Goligoski.
10:44 of 2nd period - Mika Zibanejad wins face-off versus Gustav Nyquist in LOS ANGELES zone.
10:44 of 2nd period - Mika Zibanejad is hit by Gustav Nyquist.
10:50 of 2nd period - Shot by Zdeno Chara.
10:50 of 2nd period - Stopped by James Reimer with a rebound.
11:05 of 2nd period - Shot by Alex Goligoski.
11:05 of 2nd period - Stopped by James Reimer without a rebound.
11:06 of 2nd period - Jonathan Toews wins face-off versus Tyler Bozak in CHICAGO zone.
11:07 of 2nd period - Shot by Kris Letang.
11:07 of 2nd period - Stopped by James Reimer without a rebound.
11:08 of 2nd period - Jonathan Toews wins face-off versus Gustav Nyquist in CHICAGO zone.
11:11 of 2nd period - Shot by Ryan McDonagh.
11:11 of 2nd period - Stopped by James Reimer without a rebound.
11:12 of 2nd period - Gustav Nyquist wins face-off versus Mika Zibanejad in CHICAGO zone.
13:09 of 2nd period - Brandon Sutter is hit by Josh Manson and loses puck.
13:19 of 2nd period - Off-side.
13:20 of 2nd period - Nick Cousins wins face-off versus Frans Nielsen in neutral zone.
14:06 of 2nd period - Kris Letang is hit by Connor Bunnaman and loses puck.
14:27 of 2nd period - Shot by Zdeno Chara.
14:27 of 2nd period - Stopped by James Reimer with a rebound.
14:31 of 2nd period - Shot by Mika Zibanejad.
14:31 of 2nd period - Stopped by James Reimer with a rebound.
14:33 of 2nd period - Shot by Mika Zibanejad.
14:33 of 2nd period - Stopped by James Reimer without a rebound.
14:34 of 2nd period - Tyler Bozak wins face-off versus Jonathan Toews in CHICAGO zone.
14:34 of 2nd period - Tyler Bozak is hit by Jonathan Toews.
15:06 of 2nd period - Shot by Tyler Bozak.
15:06 of 2nd period - Stopped by Antti Raanta with a rebound.
15:08 of 2nd period - Shot by Gustav Nyquist.
15:08 of 2nd period - Shot Misses the Net.
15:10 of 2nd period - Shot by Gustav Nyquist.
15:10 of 2nd period - Stopped by Antti Raanta without a rebound.
15:11 of 2nd period - Frans Nielsen wins face-off versus Mika Zibanejad in LOS ANGELES zone.
15:27 of 2nd period - Icing by Nick Leddy.
15:28 of 2nd period - Frans Nielsen wins face-off versus Travis Zajac in CHICAGO zone.
15:36 of 2nd period - Vladislav Namestnikov is hit by Nick Leddy and loses puck.
15:41 of 2nd period - Shot by Vladislav Namestnikov.
15:41 of 2nd period - Shot Misses the Net.
15:43 of 2nd period - Shot by Ryan McDonagh.
15:43 of 2nd period - Shot Misses the Net.
15:45 of 2nd period - Shot by Ryan McDonagh.
15:45 of 2nd period - Shot Blocked by Nick Leddy.
16:15 of 2nd period - Icing by Gustav Nyquist.
16:16 of 2nd period - Mika Zibanejad wins face-off versus Tyler Bozak in CHICAGO zone.
16:21 of 2nd period - Shot by Mika Zibanejad.
16:21 of 2nd period - Stopped by James Reimer with a rebound.
16:25 of 2nd period - Shot by Tyler Seguin.
16:25 of 2nd period - Shot Misses the Net.
16:43 of 2nd period - Shot by Gustav Nyquist.
16:43 of 2nd period - Stopped by Antti Raanta with a rebound.
17:09 of 2nd period - Shot by Mike Hoffman.
17:09 of 2nd period - Shot Misses the Net.
17:11 of 2nd period - Shot by Johnny Boychuk.
17:11 of 2nd period - Shot Misses the Net.
17:13 of 2nd period - Shot by Nick Bonino.
17:13 of 2nd period - Shot Misses the Net.
17:19 of 2nd period - Shot by Mike Hoffman.
17:19 of 2nd period - Deflect By Jonathan Toews.
17:19 of 2nd period - Stopped by James Reimer without a rebound.
17:20 of 2nd period - Frans Nielsen wins face-off versus Gabriel Bourque in CHICAGO zone.
17:47 of 2nd period - Shot by Kris Letang.
17:47 of 2nd period - Shot Blocked by Frans Nielsen.
18:10 of 2nd period - Minor Penalty to Mike Hoffman for Roughing.
18:10 of 2nd period - Minor Penalty to Nick Leddy for Interference.
18:11 of 2nd period - Mika Zibanejad wins face-off versus Gustav Nyquist in CHICAGO zone.
18:12 of 2nd period - Shot by Jonathan Toews.
18:12 of 2nd period - Shot Misses the Net.
18:35 of 2nd period - Michael Del Zotto is hit by Jonathan Toews and loses puck.
19:59 of 2nd period - Shot by Mika Zibanejad.
19:59 of 2nd period - Shot Misses the Net.
Goals for this period are 0 for CHICAGO vs 1 for LOS ANGELES.
Shots for this period are 6 for CHICAGO vs 16 for LOS ANGELES.

3rd period


0:01 of 3rd period - Mika Zibanejad wins face-off versus Gustav Nyquist in neutral zone.
0:06 of 3rd period - Shot by Jonathan Toews.
0:06 of 3rd period - Stopped by James Reimer without a rebound.
0:07 of 3rd period - Gustav Nyquist wins face-off versus Jonathan Toews in CHICAGO zone.
0:27 of 3rd period - Icing by Mark Pysyk.
0:28 of 3rd period - Frans Nielsen wins face-off versus Jonathan Toews in CHICAGO zone.
1:59 of 3rd period - Icing by Brandon Sutter.
2:00 of 3rd period - Brandon Sutter wins face-off versus Travis Zajac in CHICAGO zone.
2:11 of 3rd period - Shot by Brandon Sutter.
2:11 of 3rd period - Shot Blocked by Johnny Boychuk.
2:13 of 3rd period - Shot by Brandon Sutter.
2:13 of 3rd period - Goal by Brandon Sutter - CHICAGO : 2 - LOS ANGELES : 2.
2:14 of 3rd period - Connor Bunnaman wins face-off versus Nick Cousins in neutral zone.
2:21 of 3rd period - Icing by Zdeno Chara.
2:22 of 3rd period - Nick Cousins wins face-off versus Frans Nielsen in LOS ANGELES zone.
2:32 of 3rd period - Frans Nielsen is hit by Alex Goligoski and loses puck.
2:37 of 3rd period - Shot by Erik Haula.
2:37 of 3rd period - Goal by Erik Haula - CHICAGO : 3 - LOS ANGELES : 2.
2:38 of 3rd period - Tyler Bozak wins face-off versus Matthew Tkachuk in neutral zone.
2:43 of 3rd period - Shot by Cody Eakin.
2:43 of 3rd period - Shot Blocked by Kris Letang.
2:55 of 3rd period - Shot by Tyler Bozak.
2:55 of 3rd period - Stopped by Antti Raanta with a rebound.
2:57 of 3rd period - Shot by Gustav Nyquist.
2:57 of 3rd period - Shot Misses the Net.
2:59 of 3rd period - Shot by Michael Del Zotto.
2:59 of 3rd period - Shot Misses the Net.
3:01 of 3rd period - Shot by Mark Pysyk.
3:01 of 3rd period - Shot Blocked by Kris Letang.
3:13 of 3rd period - Shot by Mika Zibanejad.
3:13 of 3rd period - Stopped by James Reimer without a rebound.
3:14 of 3rd period - Jonathan Toews wins face-off versus Frans Nielsen in CHICAGO zone.
3:30 of 3rd period - Shot by Jonathan Toews.
3:30 of 3rd period - Deflect By Mike Hoffman.
3:30 of 3rd period - Shot Misses the Net.
3:32 of 3rd period - Shot by Alex Goligoski.
3:32 of 3rd period - Shot Blocked by Tyson Barrie.
3:52 of 3rd period - Shot by Zdeno Chara.
3:52 of 3rd period - Shot Misses the Net.
3:54 of 3rd period - Shot by Zdeno Chara.
3:54 of 3rd period - Stopped by James Reimer with a rebound.
4:40 of 3rd period - Shot by Brandon Sutter.
4:40 of 3rd period - Stopped by Antti Raanta without a rebound.
4:41 of 3rd period - Mika Zibanejad wins face-off versus Tyler Bozak in LOS ANGELES zone.
4:50 of 3rd period - Shot by Mika Zibanejad.
4:50 of 3rd period - Stopped by James Reimer without a rebound.
4:51 of 3rd period - Connor Bunnaman wins face-off versus Mika Zibanejad in CHICAGO zone.
5:03 of 3rd period - Icing by Mark Pysyk.
5:04 of 3rd period - Jonathan Toews wins face-off versus Connor Bunnaman in CHICAGO zone.
5:04 of 3rd period - Jonathan Toews is hit by Michael Del Zotto.
5:16 of 3rd period - Shot by Mike Hoffman.
5:16 of 3rd period - Stopped by James Reimer without a rebound.
5:17 of 3rd period - Tyler Bozak wins face-off versus Mika Zibanejad in CHICAGO zone.
5:32 of 3rd period - Shot by Tyler Bozak.
5:32 of 3rd period - Stopped by Antti Raanta without a rebound.
5:33 of 3rd period - Mikkel Boedker wins face-off versus Jonathan Toews in LOS ANGELES zone.
5:46 of 3rd period - Minor Penalty to Travis Dermott for Roughing.
5:47 of 3rd period - Gustav Nyquist wins face-off versus Mika Zibanejad in CHICAGO zone.
6:52 of 3rd period - Icing by Jonathan Toews.
6:53 of 3rd period - Frans Nielsen wins face-off versus Jonathan Toews in LOS ANGELES zone.
6:56 of 3rd period - Shot by Milan Lucic.
6:56 of 3rd period - Stopped by Antti Raanta without a rebound.
6:57 of 3rd period - Jonathan Toews wins face-off versus Gustav Nyquist in LOS ANGELES zone.
8:05 of 3rd period - Shot by Travis Zajac.
8:05 of 3rd period - Deflect By Vladislav Namestnikov.
8:05 of 3rd period - Shot Blocked by Haydn Fleury.
8:07 of 3rd period - Shot by Vladislav Namestnikov.
8:07 of 3rd period - Shot Misses the Net.
8:09 of 3rd period - Shot by Artem Anisimov.
8:09 of 3rd period - Shot Misses the Net.
8:44 of 3rd period - Shot by Tyler Seguin.
8:44 of 3rd period - Stopped by James Reimer without a rebound.
8:45 of 3rd period - Nick Cousins wins face-off versus Frans Nielsen in CHICAGO zone.
9:18 of 3rd period - Shot by Riley Nash.
9:18 of 3rd period - Deflect By Nick Cousins.
9:18 of 3rd period - Stopped by James Reimer without a rebound.
9:19 of 3rd period - Tyler Bozak wins face-off versus Mika Zibanejad in CHICAGO zone.
10:26 of 3rd period - Tyler Bozak is hit by Jonathan Toews and loses puck.
10:31 of 3rd period - Shot by Mike Hoffman.
10:31 of 3rd period - Stopped by James Reimer without a rebound.
10:32 of 3rd period - Brandon Sutter wins face-off versus Travis Zajac in CHICAGO zone.
10:59 of 3rd period - Shot by Travis Zajac.
10:59 of 3rd period - Shot Misses the Net.
11:14 of 3rd period - Icing by Nick Leddy.
11:15 of 3rd period - Brandon Sutter wins face-off versus Mika Zibanejad in CHICAGO zone.
11:24 of 3rd period - Alex Goligoski is hit by Sven Baertschi and loses puck.
12:05 of 3rd period - Off-side.
12:06 of 3rd period - Connor Bunnaman wins face-off versus Jonathan Toews in neutral zone.
12:15 of 3rd period - Shot by Brendan Perlini.
12:15 of 3rd period - Deflect By Connor Bunnaman.
12:15 of 3rd period - Stopped by Antti Raanta without a rebound.
12:16 of 3rd period - Tyler Bozak wins face-off versus Travis Zajac in LOS ANGELES zone.
13:31 of 3rd period - Shot by Mika Zibanejad.
13:31 of 3rd period - Shot Misses the Net.
14:29 of 3rd period - Shot by Jonathan Toews.
14:29 of 3rd period - Shot Misses the Net.
14:53 of 3rd period - Shot by Brendan Perlini.
14:53 of 3rd period - Stopped by Antti Raanta without a rebound.
14:54 of 3rd period - Tyler Bozak wins face-off versus Nick Cousins in LOS ANGELES zone.
15:54 of 3rd period - Shot by Erik Haula.
15:54 of 3rd period - Stopped by Antti Raanta without a rebound.
15:55 of 3rd period - Connor Bunnaman wins face-off versus Travis Zajac in LOS ANGELES zone.
16:16 of 3rd period - Shot by Artem Anisimov.
16:16 of 3rd period - Stopped by James Reimer with a rebound.
16:21 of 3rd period - Artem Anisimov is hit by Michael Del Zotto and loses puck.
17:05 of 3rd period - Mika Zibanejad is hit by Milan Lucic and loses puck.
17:17 of 3rd period - Frans Nielsen is hit by Josh Manson and loses puck.
17:46 of 3rd period - Shot by Gustav Nyquist.
17:46 of 3rd period - Shot Blocked by Tyler Seguin.
17:48 of 3rd period - Shot by Cody Eakin.
17:48 of 3rd period - Goal by Cody Eakin - CHICAGO : 4 - LOS ANGELES : 2.
17:49 of 3rd period - Jonathan Toews wins face-off versus Mikkel Boedker in neutral zone.
17:51 of 3rd period - Kris Letang is hit by Michael Del Zotto and loses puck.
18:39 of 3rd period - Shot by Brendan Perlini.
18:39 of 3rd period - Shot Misses the Net.
18:45 of 3rd period - Travis Dermott is hit by Jonathan Toews and loses puck.
19:14 of 3rd period - Travis Dermott is hit by Zdeno Chara and loses puck.
Goals for this period are 3 for CHICAGO vs 0 for LOS ANGELES.
Shots for this period are 10 for CHICAGO vs 9 for LOS ANGELES.